 Dungeon Crawl Stone Soup version 0.22.1-1-ga44c0e5 (webtiles) character file.

1141 niblik the Poker (level 8, -4/56 HPs)
             Began as an Octopode Fighter on Oct 30, 2018.
             Was an Initiate of Makhleb.
             Killed from afar by Pikel (23 damage)
             ... with a wand of acid (3)
             ... on level 5 of the Dungeon on Oct 31, 2018.
             The game lasted 00:12:59 (6156 turns).

niblik the Poker (Octopode Fighter)                 Turns: 6156, Time: 00:12:59

Health: -4/56      AC: -3    Str: 17    XL:     8   Next: 37%
Magic:  8/8        EV: 12    Int: 11    God:    Makhleb [......]
Gold:   171        SH:  9    Dex: 11    Spells: 7/7 levels left

rFire    . . .     SeeInvis .   a - +3 trident
rCold    . . .     Gourm    .   b - +0 shield
rNeg     . . .     Faith    .   (helmet restricted)
rPois    .         Spirit   .   (no amulet)
rElec    .         Reflect  .   (no ring)
rCorr    .         Harm     .   (no ring)
MR       .....                  (no ring)
Stlth    +++.......             (no ring)
HPRegen  0.18/turn              (no ring)
MPRegen  0.11/turn              (no ring)
                                (no ring)
                                (no ring)

@: corroded
A: almost no armour, stealthy swim, amphibious, 8 rings, constrict 8, camouflage
1, gelatinous body 1
a: Renounce Religion


You were on level 5 of the Dungeon.
You worshipped Makhleb.
Makhleb was noncommittal.
You were near starving.

You visited 2 branches of the dungeon, and saw 6 of its levels.

You collected 171 gold pieces.

Inventory:

Hand Weapons
 a - a +3 trident (weapon)
 f - a +0 hunting sling
Missiles
 c - 8 javelins (quivered)
Armour
 b - a +0 shield (worn)
Wands
 s - a wand of random effects (64)
 v - a wand of polymorph (9)
 w - a wand of acid (10)
Scrolls
 e - 2 scrolls of teleportation
 g - 2 scrolls of remove curse {unknown}
 h - 3 scrolls of identify
 j - a scroll of random uselessness {unknown}
 k - 2 scrolls of magic mapping {unknown}
 o - a scroll of enchant armour {unknown}
 p - a scroll of fog {unknown}
 q - a scroll of fear {unknown}
 r - a scroll of blinking {unknown}
Potions
 i - 4 potions of curing
 l - a potion of invisibility {unknown}
 m - a potion of degeneration {unknown}
 n - 2 potions of flight {unknown}
 u - a potion of agility {unknown}
Comestibles
 d - 5 rations


   Skills:
 + Level 5.4 Fighting
 + Level 7.1 Polearms
 - Level 4.4 Dodging
 - Level 2.3 Stealth
 + Level 4.3 Shields


You had 7 spell levels left.
You didn't know any spells.
Your spell library was empty.

Dungeon Overview and Level Annotations

Branches:
Dungeon (5/15)             Temple (1/1) D:5

Altars:
Ashenzari
Dithmenos
Elyvilon
Fedhas
Gozag
Kikubaaqudgha
Makhleb
Nemelex Xobeh
Okawaru
Ru
Sif Muna
Trog
Vehumet
Wu Jian
Yredelemnul
Zin
The Shining One

Annotations:
D:4 exclusion: downstairs
D:5 Pikel


Innate Abilities, Weirdness & Mutations

You cannot wear most types of armour.
You are very stealthy in the water. (Stealth+)
You are amphibious.
You can wear up to eight rings at the same time.
You can use your tentacles to constrict eight enemies at once.
Your skin changes colour to match your surroundings (Stealth+).
Your rubbery body absorbs attacks. (AC +1, EV +1)


Message History

You puncture the scorpion!
You kill the scorpion!
Makhleb accepts your kill. Pikel misses you.
You closely miss Pikel. You grab Pikel. You squeeze Pikel, but do no damage.
You constrict Pikel. You block Pikel's attack.
A leopard gecko comes into view.
You hit Pikel but do no damage.
Pikel is lightly wounded.
You constrict Pikel. Pikel hits you with a whip of flaming! Pikel burns you.
Pikel zaps a wand.
The bolt of acid misses you.
It is a wand of acid (4).
You hit Pikel but do no damage. You squeeze Pikel.
Pikel is moderately wounded.
You constrict Pikel. You block Pikel's attack.
You hit Pikel. You squeeze Pikel!
Pikel is heavily wounded.
You constrict Pikel.
Pikel zaps a wand.
The bolt of acid hits you! The acid corrodes you!
You are splashed with acid!
The acid burns!
Pikel zaps a wand.
The bolt of acid hits you!
You die...

#...............#
.####......†.
##.#............# #..#
##..#..#s
#.#.##.####.##.# #..#
#......< #.#.##.#
#.##.# #..#####.......
#.#.##.## #.##.#
.....g.[.......
#.#.#...# #.##.#
#.........#..##
#.#.#.>.# #.##.#
#.....###....##
#.#.#...#
#.##.###p....####...##
#.#.#...#
#....@Kgpp..........##
#.#.##.##
####.###p....#####.##
#.# #.# #.# #.#...#
#.# ##.#
#.#######.###)#...#
#.# ...#
#.............# ..#
#.# ####
#########.##### p.# #
#.......# .# #
#.......# .# #
#.......#


You could see Pikel, 4 slaves and a gnoll.

Vanquished Creatures
  Duvessa (D:4)
  A necrophage (D:5)
  An ogre (D:4)
  Dowan (D:4)
  A scorpion (D:5)
  A crimson imp (D:5)
  A bullfrog zombie (D:5)
  2 centaur skeletons
  An orc priest (D:4)
  7 orc wizards
  Natasha (thrice) (D:4 D:5)
  An iguana (D:4)
  3 worker ants
  A howler monkey zombie (D:5)
  6 gnolls
  8 adders
  An ooze (D:4)
  An adder skeleton (D:5)
  2 worms
  A dart slug (D:1)
  6 leopard geckos
  20 orcs
  2 giant cockroaches (D:5)
  5 goblins
  3 hobgoblins
  11 jackals
  6 bats
  4 frilled lizards
  3 kobolds (D:1)
  A quokka skeleton (D:4)
  3 rats
  A butterfly (D:5)
109 creatures vanquished.

Notes
Turn   | Place    | Note
-------+----------+-------------------------------------------
     0 | D:1      | niblik the Octopode Fighter began the quest for the Orb.
     0 | D:1      | Reached XP level 1. HP: 16/16 MP: 1/1
    56 | D:1      | Reached XP level 2. HP: 16/21 MP: 2/2
   905 | D:2      | Reached skill level 1 in Stealth
   915 | D:2      | Reached XP level 3. HP: 8/26 MP: 3/3
  1680 | D:2      | Reached XP level 4. HP: 22/31 MP: 4/4
  1825 | D:2      | Found a white marble altar of Elyvilon.
  1833 | D:2      | Became a worshipper of Elyvilon the Healer
  1945 | D:3      | Reached skill level 3 in Polearms
  2233 | D:3      | Found a shattered altar of Ashenzari.
  2517 | D:3      | Found a sacrificial altar of Ru.
  2532 | D:3      | Reached XP level 5. HP: 28/37 MP: 5/5
  2921 | D:3      | Found an ancient bone altar of Kikubaaqudgha.
  2949 | D:3      | Reached * piety under Elyvilon
  2971 | D:3      | Found a deep blue altar of Sif Muna.
  3144 | D:3      | Found a sparkling altar of Nemelex Xobeh.
  3323 | D:4      | Reached skill level 4 in Polearms
  3331 | D:4      | Reached XP level 6. HP: 37/43 MP: 6/6
  3443 | D:4      | Noticed Dowan
  3443 | D:4      | Noticed Duvessa
  3448 | D:4      | Killed Duvessa
  3452 | D:4      | Killed Dowan
  3454 | D:4      | Reached XP level 7. HP: 29/49 MP: 7/7
  3492 | D:4      | Reached skill level 5 in Polearms
  3797 | D:4      | Noticed Natasha
  3805 | D:4      | Killed Natasha
  3813 | D:4      | Noticed Natasha
  3830 | D:4      | Killed Natasha
  3970 | D:4      | Noticed Natasha
  4100 | D:4      | Found an opulent altar of Gozag.
  4551 | D:4      | Reached ** piety under Elyvilon
  5072 | D:5      | Entered Level 5 of the Dungeon
  5082 | D:5      | Reached skill level 6 in Polearms
  5141 | D:5      | Reached skill level 5 in Fighting
  5175 | D:5      | Reached XP level 8. HP: 47/55 MP: 8/8
  5237 | D:5      | Found a staircase to the Ecumenical Temple.
  5238 | D:5      | Killed Natasha
  5726 | Temple   | Entered the Ecumenical Temple
  6005 | Temple   | Fell from the grace of Elyvilon
  6005 | Temple   | Became a worshipper of Makhleb the Destroyer
  6054 | D:5      | Reached skill level 7 in Polearms
  6056 | D:5      | Found a glowing silver altar of Zin.
  6142 | D:5      | Noticed Pikel
  6156 | D:5      | Killed from afar by Pikel

Skill      XL: |  1  2  3  4  5  6  7  8 |
---------------+-------------------------+-----
Stealth        | 1 2 |  2.3
Polearms       | 3 4 6 7 |  7.1
Fighting       | 4 5 |  5.4
Dodging        | 4 |  4.4
Shields        | 4 |  4.3

Action                   |  1- 3 |  4- 6 |  7- 9 || total
-------------------------+-------+-------+-------++-------
Melee: Trident           |    60 |    84 |   154 ||   298
       Constrict         |    14 |    19 |    29 ||    62
       Tentacles         |     5 |    15 |    23 ||    43
  Use: Potion            |       |     1 |       ||     1
       Scroll            |       |       |     6 ||     6
 Stab: Sleeping          |     5 |     6 |     9 ||    20
       Distracted        |       |       |     1 ||     1
  Eat: Chunk             |     2 |     5 |     8 ||    15
Armor: Skin              |     4 |     3 |     2 ||     9
Dodge: Dodged            |    14 |    15 |    37 ||    66
Block: Shield            |    23 |    26 |    32 ||    81
